Map: Prion Terraces

Players

Exurro

  • Race: Terran Terran
  • League: Silver

WildCatBrown - Winner!

  • Race: Protoss Protoss
  • League: Gold

VOD

Have the link to the VOD?

Description

Time

  • Played on: Jan. 24, 2016, 1:25 p.m.
  • Length: 10:07
Show
View Real Time Build Order
Export as new Build Order

Exurro Terran 

Build Orders: MMM Bio 

Get SALT Encoding   

  12  0:03  SCV  
  13  0:15  SCV  
  14  0:26  Supply Depot  
  14  0:27  SCV  
  15  0:41  Refinery  
  15  0:48  SCV  
  16  0:51  Barracks  
  16  1:00  SCV  
  17  1:07  Supply Depot  
  17  1:12  SCV  
  18  1:24  SCV  
  19  1:36  SCV  
  20  1:42  Barracks, Marine  
  21  1:48  Barracks  
  21  1:59  SCV, Barracks  
  22  2:04  Marine  
  23  2:12  SCV  
  24  2:27  SCV  
  25  2:30  Barracks Tech Lab, Refinery  
  25  2:36  Barracks Tech Lab  
  25  2:47  Barracks Tech Lab  
  25  2:52  Supply Depot  
  25  3:00  Supply Depot, Concussive Shells  
  25  3:02  Stimpack  
  25  3:05  Marauder x2  
  29  3:10  Marauder  
  31  3:13  Marine  
  32  3:25  Supply Depot  
  32  3:26  Marauder  
  34  3:31  Marauder  
  36  3:37  Marauder  
  38  3:48  Marauder  
  40  3:52  Marauder  
  42  3:56  Supply Depot  
  42  4:06  Marauder  
  42  4:07  Marine  
  45  4:10  SCV  
  46  4:20  Supply Depot  
  44  4:39  Orbital Command  
  24  5:23  Marine, Marauder x3  
  31  5:31  Command Center  
  31  5:37  Factory  
  31  5:41  Marine  
  32  5:43  Marine  
  32  5:44  Marine x2  
  35  5:58  Marine  
  35  6:01  Marine x2  
  35  6:02  Marine  
  39  6:13  Combat Shields  
  39  6:16  Marine  
  40  6:19  Marine  
  40  6:20  Marauder x2  
  40  6:24  Factory Reactor  
  45  6:26  Starport  
  45  7:11  SCV  
  46  7:16  Marauder  
  46  7:17  Marine, Marauder x2  
  46  7:22  Refinery  
  53  7:23  SCV  
  53  7:25  Medivac x2  
  58  7:35  Marine  
  58  7:36  SCV  
  60  7:37  Marine x2  
  60  7:38  Marine  
  60  7:40  SCV  
  64  7:50  Engineering Bay  
  64  7:52  SCV  
  64  7:55  Medivac x2  
  64  7:56  SCV  
  64  7:57  Refinery  
  70  7:58  Marine x2  
  70  7:59  Marine x2  
  74  8:08  SCV  
  74  8:09  Factory Tech Lab  
  75  8:20  SCV  
  75  8:25  Medivac x2  
  80  8:32  SCV  
  73  8:44  SCV  
  73  9:07  SCV  
  74  9:15  Medivac  
  74  9:16  Medivac  
  78  9:18  Marauder x3, Marine  
  78  9:19  SCV  
  86  9:54  Supply Depot  
Show
View Real Time Build Order
Export as new Build Order

WildCatBrown Protoss - Winner!

Build Orders: 1 Gate Expand 

Get SALT Encoding   

  12  0:02  Probe (Chrono Boost)  
  13  0:12  Probe (Chrono Boost)  
  14  0:22  Pylon  
  14  0:23  Probe (Chrono Boost)  
  15  0:30  Assimilator  
  15  0:41  Probe (Chrono Boost)  
  16  0:48  Gateway  
  16  0:51  Probe (Chrono Boost)  
  17  1:02  Probe (Chrono Boost)  
  18  1:12  Probe (Chrono Boost)  
  19  1:24  Probe (Chrono Boost)  
  20  1:31  Nexus  
  20  1:34  Probe (Chrono Boost)  
  21  1:45  Cybernetics Core  
  21  1:47  Probe (Chrono Boost)  
  22  2:00  Probe (Chrono Boost)  
  23  2:01  Pylon  
  23  2:14  Gateway  
  23  2:17  Probe (Chrono Boost)  
  23  2:24  Assimilator  
  23  2:26  Warp Gate  
  23  2:27  Probe (Chrono Boost)  
  23  2:29  Adept  
  26  2:38  Mothership Core (Chrono Boost)  
  28  2:45  Probe (Chrono Boost)  
  29  2:56  Probe (Chrono Boost)  
  29  2:57  Probe (Chrono Boost)  
  31  2:59  Gateway  
  31  3:02  Adept  
  31  3:04  Adept  
  35  3:07  Probe (Chrono Boost)  
  35  3:08  Probe (Chrono Boost)  
  37  3:25  Probe (Chrono Boost), Robotics Facility  
  38  3:29  Adept  
  38  3:33  Probe (Chrono Boost)  
  41  3:38  Pylon  
  41  3:41  Probe (Chrono Boost)  
  42  3:43  Pylon  
  42  3:45  Adept  
  44  3:53  Probe (Chrono Boost)  
  44  3:54  Probe (Chrono Boost)  
  46  3:57  Adept  
  48  4:06  Adept  
  50  4:10  Probe x2 (Chrono Boost)  
  50  4:13  Observer  
  53  4:23  Pylon  
  51  4:27  Stalker x2  
  51  4:33  Stalker  
  51  4:34  Probe (Chrono Boost), Pylon  
  51  4:35  Pylon  
  54  4:44  Probe x2 (Chrono Boost)  
  56  4:48  Assimilator  
  56  4:52  Assimilator  
  52  5:14  Immortal  
  48  5:22  Probe (Chrono Boost)  
  48  5:27  Stalker x2  
  48  5:28  Stalker  
  55  5:43  Probe x2 (Chrono Boost)  
  55  5:45  Gateway  
  55  5:46  Gateway  
  55  5:47  Gateway  
  57  5:52  Warp Prism  
  57  5:53  Stalker x3  
  57  5:54  Probe x2 (Chrono Boost)  
  67  6:14  Robotics Bay  
  67  6:24  Twilight Council  
  67  6:25  Probe x2 (Chrono Boost)  
  69  6:29  Immortal  
  73  6:44  Stalker x3  
  73  6:56  Stalker x2  
  77  7:16  Pylon, Blink  
  77  7:19  Pylon  
  77  7:23  Pylon  
  77  7:30  Forge  
  77  7:34  Disruptor (Chrono Boost)  
  80  7:41  Stalker  
  80  7:42  Stalker x5  
  92  7:52  Robotics Facility  
  92  8:06  Adept  
  92  8:07  Adept x3  
  92  8:11  Stalker  
  102  8:34  Pylon  
  102  8:39  Pylon  
  102  8:44  Pylon  
  102  8:47  Pylon  
  102  9:10  Stalker  
  102  9:11  Stalker x2  
  102  9:14  Immortal (Chrono Boost)  
  116  9:19  Immortal (Chrono Boost)  
  116  9:24  Stalker x3  
Tags
 
Add a new tag
Caveats
  • Supply blocks, unpowered buildings, or Contaminate may cause inaccurate times.
  • Supply counts are checked every 10 seconds.